Map: Carnage sur Korhal EC

Players

Manticore - Winner!

  • Race: Protoss Protoss
  • League: Gold
  • Spawn Location: 6:00

zidar

  • Race: Zerg Zerg
  • League: Gold
  • Spawn Location: 12:00

VOD

Have the link to the VOD?

Description

Time

  • Played on: May 14, 2016, 8:33 a.m.
  • Length: 15:05
Show
View Real Time Build Order
Export as new Build Order

Manticore Protoss - Winner!

Build Orders:  

Get SALT Encoding   

  12  0:01  Probe (Chrono Boost)  
  13  0:11  Probe (Chrono Boost)  
  14  0:18  Pylon  
  14  0:23  Probe (Chrono Boost)  
  15  0:29  Assimilator  
  15  0:36  Probe (Chrono Boost)  
  16  0:47  Probe (Chrono Boost)  
  17  0:59  Probe (Chrono Boost)  
  18  1:07  Nexus  
  18  1:16  Gateway  
  19  1:25  Probe (Chrono Boost)  
  19  1:34  Gateway  
  20  1:40  Probe (Chrono Boost)  
  20  1:48  Pylon  
  20  1:52  Assimilator  
  20  1:53  Probe (Chrono Boost)  
  21  2:04  Cybernetics Core  
  21  2:06  Zealot  
  23  2:10  Probe (Chrono Boost)  
  24  2:21  Zealot  
  26  2:23  Probe (Chrono Boost)  
  27  2:34  Probe (Chrono Boost)  
  27  2:40  Forge  
  27  2:41  Mothership Core (Chrono Boost)  
  29  2:47  Pylon  
  29  2:55  Warp Gate (Chrono Boost)  
  29  2:56  Adept  
  31  3:00  Adept  
  33  3:08  Probe x2 (Chrono Boost)  
  35  3:23  Adept  
  37  3:28  Adept, Photon Cannon  
  39  3:37  Probe  
  39  3:39  Probe  
  41  4:01  Gateway, Probe  
  41  4:03  Probe  
  41  4:04  Pylon  
  41  4:07  Robotics Facility  
  43  4:12  Probe, Twilight Council  
  43  4:15  Probe  
  45  4:23  Probe  
  45  4:27  Probe, Protoss Ground Weapons Level 1 (Chrono Boost)  
  47  4:48  Probe, Resonating Glaives  
  47  4:50  Probe  
  47  4:52  Assimilator  
  49  4:54  Pylon  
  49  4:55  Assimilator  
  49  5:03  Pylon  
  49  5:04  Stalker  
  49  5:05  Stalker  
  53  5:07  Stalker  
  55  5:14  Pylon  
  55  5:15  Immortal  
  55  5:17  Probe  
  55  5:18  Probe  
  61  5:35  Gateway  
  61  5:36  Gateway  
  61  5:50  Adept x3  
  61  5:55  Observer  
  64  6:30  Pylon  
  64  6:31  Probe  
  64  6:33  Nexus, Probe  
  64  6:36  Protoss Ground Weapons Level 2 (Chrono Boost)  
  64  6:38  Immortal  
  70  6:46  Stalker x2, Blink (Chrono Boost)  
  74  6:47  Stalker  
  76  7:12  Probe  
  76  7:13  Probe  
  78  7:17  Pylon  
  78  7:18  Immortal  
  78  7:20  Pylon  
  82  7:32  Adept x4  
  82  7:33  Adept  
  92  7:37  Probe x2  
  94  7:44  Probe  
  94  7:45  Assimilator  
  94  7:49  Probe x2, Assimilator  
  97  7:53  Stalker  
  97  7:55  Stalker  
  97  7:57  Immortal  
  105  8:12  Robotics Bay  
  105  8:13  Photon Cannon  
  105  8:23  Zealot x4  
  105  8:24  Zealot  
  115  8:34  Protoss Shields Level 1  
  115  8:36  Immortal  
  119  8:42  Photon Cannon  
  119  8:46  Probe, Pylon  
  119  8:47  Probe x2  
  122  8:54  Pylon  
  122  8:55  Photon Cannon  
  122  9:00  Extended Thermal Lance (Chrono Boost)  
  122  9:13  Colossus (Chrono Boost)  
  129  9:38  Probe x2  
  129  9:39  Probe  
  129  9:41  Stalker x3  
  129  9:42  Stalker x2  
  141  10:03  Pylon  
  141  10:04  Pylon  
  141  10:05  Pylon  
  141  10:07  Protoss Ground Weapons Level 3  
  141  10:08  Pylon  
  141  10:10  Photon Cannon  
  141  10:13  Pylon  
  141  10:18  Observer  
  143  10:21  Probe  
  143  10:28  Zealot x4  
  147  10:29  Zealot  
  147  10:32  Colossus  
  147  10:33  Probe  
  147  10:35  Gravitic Boosters (Chrono Boost)  
  160  10:48  Dark Shrine  
  160  10:52  Probe  
  161  11:02  Stalker x2  
  165  11:08  Stalker x2  
  169  11:15  Pylon  
  169  11:19  Colossus  
  169  11:21  Probe  
  169  11:23  Probe  
  171  11:30  Pylon  
  177  11:32  Nexus  
  177  11:34  Probe  
  178  11:43  Charge  
  178  11:46  Adept  
  180  11:47  Adept x4  
  187  12:07  Adept x4  
  187  12:08  Adept  
  197  12:29  Pylon  
  197  12:30  Protoss Ground Armor Level 1  
  197  12:31  Pylon  
  197  12:58  Pylon  
  197  13:00  Pylon  
  197  13:10  Dark Templar x5  
  195  13:19  Immortal  
  199  13:35  Forge  
  199  14:25  Assimilator  
  199  14:27  Forge  
  199  14:30  Forge  
  135  15:01  Stalker x3  
  135  15:02  Stalker x2  
Show
View Real Time Build Order
Export as new Build Order

zidar Zerg 

Build Orders: Pool First 

Get SALT Encoding   

  12  0:01  Drone  
  13  0:18  Overlord  
  13  0:20  Drone  
  14  0:25  Extractor, Drone  
  15  0:36  Drone  
  16  0:43  Drone  
  16  0:49  Spawning Pool  
  16  0:51  Drone  
  17  1:18  Drone  
  18  1:20  Hatchery  
  18  1:21  Extractor  
  18  1:23  Drone  
  17  1:34  Drone  
  17  1:39  Queen  
  20  1:48  Overlord  
  20  1:51  Drone  
  21  2:07  Zergling x4  
  23  2:15  Queen  
  25  2:18  Overlord  
  25  2:24  Metabolic Boost  
  25  2:29  Zergling x2  
  26  2:41  Roach Warren  
  26  2:42  Zergling x2  
  26  2:44  Zergling x2  
  27  3:11  Drone x6  
  28  3:49  Roach x7  
  42  4:09  Lair  
  42  4:12  Zergling x2  
  42  4:13  Zergling x2  
  42  4:15  Overlord  
  44  4:19  Hatchery  
  43  4:32  Zergling x2  
  43  4:36  Zergling x4  
  43  4:37  Roach  
  43  4:38  Roach x2  
  52  4:49  Evolution Chamber  
  51  4:53  Evolution Chamber  
  50  5:26  Extractor  
  49  5:29  Drone x3  
  49  5:31  Overlord  
  49  5:32  Overlord x2  
  49  5:35  Queen  
  40  6:12  Zergling x2  
  40  6:13  Zergling x28  
  40  6:14  Roach x2  
  57  6:29  Zerg Ground Armor Level 1  
  57  6:30  Zerg Missile Weapons Level 1  
  57  6:41  Drone x6  
  63  6:55  Roach  
  63  6:56  Roach x2  
  69  7:03  Extractor  
  69  7:04  Drone x2  
  69  7:07  Extractor  
  69  7:09  Drone x2  
  69  7:12  Drone  
  72  7:27  Overseer  
  72  7:30  Pneumatized Carapace  
  72  7:49  Drone x8  
  72  7:50  Drone  
  81  8:03  Drone  
  81  8:04  Overlord  
  81  8:05  Overlord x3  
  82  8:35  Hydralisk Den  
  82  8:39  Drone x12  
  93  8:50  Zerg Ground Armor Level 2  
  93  8:52  Extractor, Zerg Melee Weapons Level 1  
  93  8:54  Extractor  
  91  9:00  Infestation Pit  
  90  9:29  Muscular Augments  
  90  9:35  Hydralisk x12  
  114  9:56  Overlord x3  
  114  9:59  Overlord x3  
  114  10:23  Glial Reconstitution  
  114  10:29  Hydralisk x11  
  136  10:37  Drone x4  
  140  11:02  Zerg Melee Weapons Level 2  
  140  11:04  Hive  
  140  11:14  Hatchery  
  139  11:20  Overseer  
  136  12:02  Roach x2  
  136  12:03  Roach x4  
  136  12:04  Roach x3  
  154  12:26  Ultralisk Cavern  
  153  12:37  Adrenal Glands  
  148  13:13  Queen  
  148  13:18  Ultralisk  
  156  13:31  Chitinous Plating  
  156  13:35  Overlord x2  
  156  13:36  Overlord x4  
  150  13:54  Ultralisk x3  
  150  13:55  Ultralisk x3  
  178  13:56  Ultralisk x2  
  184  14:18  Overlord x2  
  184  14:19  Overlord x4  
Tags
 
Add a new tag
Caveats
  • Supply blocks, unpowered buildings, or Contaminate may cause inaccurate times.
  • Supply counts are checked every 10 seconds.